MLB
LOS ANGELES DODGERS @ MIAMI MARLINS
05/11/2048
 
TOP OF THE 1ST
Los Angeles Dodgers batting - Pitching for Miami Marlins : RHP Sean Geer
Pitching: RHP Sean Geer
Batting: RHB Clay Buchanan 0-0: Called Strike
0-1: Ball
1-1: Swinging Strike
1-2: Ball
2-2: Foul Ball, location: 2F
2-2: Ball
3-2: SINGLE (Line Drive, 8LS, EV 104.4 MPH)
Batting: RHB Tsutomu Irie 0-0: Ball
Clay Buchanan steals 2nd base
1-0: Called Strike
1-1: Fly out, F8 (Line Drive, 8LM, EV 85.0 MPH)
Batting: LHB Lirak Bazhunaishvili 0-0: Foul Ball, location: 2F
0-1: Swinging Strike
0-2: Ball
1-2: Foul Ball, location: 2F
1-2: Foul Ball, location: 2F
1-2: Strikes out looking
Batting: SHB Shane Marcum 0-0: Called Strike
0-1: Called Strike
0-2: Ball
1-2: Ball
2-2: Ground out 3-1 (Groundball, 34, EV 107.5 MPH)
Top of the 1st over - 0 runs, 1 hit, 0 errors, 1 left on base; Los Angeles 0 - Miami 0
BOTTOM OF THE 1ST
Miami Marlins batting - Pitching for Los Angeles Dodgers : RHP Kalititi Haki
Pitching: RHP Kalititi Haki
Batting: RHB Roger Salazar 0-0: Called Strike
0-1: Called Strike
0-2: Hit by Pitch
Batting: RHB Bert Clark 0-0: Called Strike
0-1: Swinging Strike
0-2: Strikes out looking
Batting: LHB Andre Gorter 0-0: Called Strike
0-1: Grounds into double play, 4-6-3 (Groundball, 4, EV 83.1 MPH)
Bottom of the 1st over - 0 runs, 0 hits, 0 errors, 0 left on base; Los Angeles 0 - Miami 0
TOP OF THE 2ND
Los Angeles Dodgers batting - Pitching for Miami Marlins : RHP Sean Geer
Batting: LHB Juan Concepcion 0-0: Ball
1-0: Ball
2-0: Fly out, F5 (Popup, 56S, EV 76.9 MPH)
Batting: RHB Danny Dyer 0-0: Ground out 6-3 (Groundball, 56D, EV 88.8 MPH)
Batting: LHB Stephen Van Raalte 0-0: Ball
1-0: Ball
2-0: Ball
3-0: Base on Balls
Batting: RHB Tim Nettles 0-0: Ball
1-0: Ground out U3 (Groundball, 3, EV 90.6 MPH)
Top of the 2nd over - 0 runs, 0 hits, 0 errors, 1 left on base; Los Angeles 0 - Miami 0
BOTTOM OF THE 2ND
Miami Marlins batting - Pitching for Los Angeles Dodgers : RHP Kalititi Haki
Batting: RHB Jimmy Groseclose 0-0: Ball
1-0: Foul Ball, location: 2F
1-1: Called Strike
1-2: Ball
2-2: Strikes out looking
Batting: LHB Jose Bregaro 0-0: Called Strike
0-1: Foul Ball, location: 2F
0-2: Ball
1-2: Foul Ball, location: 2F
1-2: Ground out 5-3 (Groundball, 56, EV 102.5 MPH)
Batting: RHB Tony Stedman 0-0: Ball
1-0: Called Strike
1-1: Ball
2-1: Swinging Strike
2-2: Ball
3-2: SINGLE (Flyball, 8RS, EV 85.0 MPH)
Batting: RHB Mike Gar 0-0: Ball
1-0: Ball
2-0: Fly out, F9 (Flyball, 9, EV 91.2 MPH)
Bottom of the 2nd over - 0 runs, 1 hit, 0 errors, 1 left on base; Los Angeles 0 - Miami 0
TOP OF THE 3RD
Los Angeles Dodgers batting - Pitching for Miami Marlins : RHP Sean Geer
Batting: RHB Ben Mischnick 0-0: Called Strike
0-1: Foul Ball, location: 2F
0-2: Strikes out looking
Batting: RHB Clay Buchanan 0-0: Called Strike
0-1: Ball
1-1: Swinging Strike
1-2: Strikes out swinging
Batting: RHB Tsutomu Irie 0-0: Fly out, F9 (Flyball, 89M, EV 77.5 MPH)
Top of the 3rd over - 0 runs, 0 hits, 0 errors, 0 left on base; Los Angeles 0 - Miami 0
BOTTOM OF THE 3RD
Miami Marlins batting - Pitching for Los Angeles Dodgers : RHP Kalititi Haki
Batting: RHB Zhi-bin Ou-yang 0-0: Ball
1-0: Ball
2-0: Swinging Strike
2-1: Ground out 4-3 (Groundball, 4, EV 85.6 MPH)
Batting: RHB Alberto Cotto 0-0: Called Strike
0-1: Ground out 6-3 (Groundball, 6, EV 83.1 MPH)
Batting: RHB Roger Salazar 0-0: Swinging Strike
0-1: Foul Ball, location: 2F
0-2: Ground out 4-3 (Groundball, 34, EV 105.6 MPH)
Bottom of the 3rd over - 0 runs, 0 hits, 0 errors, 0 left on base; Los Angeles 0 - Miami 0
TOP OF THE 4TH
Los Angeles Dodgers batting - Pitching for Miami Marlins : RHP Sean Geer
Batting: LHB Lirak Bazhunaishvili 0-0: Called Strike
0-1: Swinging Strike
0-2: Ball
1-2: Ball
2-2: Strikes out swinging
Batting: SHB Shane Marcum 0-0: Ball
1-0: Foul Ball, location: 2F
1-1: Ball
2-1: Swinging Strike
2-2: Ground out 6-3 (Groundball, 6, EV 85.0 MPH)
Batting: LHB Juan Concepcion 0-0: Fly out, F7 (Flyball, 78S, EV 82.5 MPH)
Top of the 4th over - 0 runs, 0 hits, 0 errors, 0 left on base; Los Angeles 0 - Miami 0
BOTTOM OF THE 4TH
Miami Marlins batting - Pitching for Los Angeles Dodgers : RHP Kalititi Haki
Batting: RHB Bert Clark 0-0: Called Strike
0-1: SINGLE (Line Drive, 89S, EV 97.5 MPH)
Batting: LHB Andre Gorter 0-0: Ball
1-0: Swinging Strike
1-1: Ball
2-1: Called Strike
2-2: Ball
3-2: Foul Ball, location: 2F
3-2: Base on Balls
Bert Clark to second
Batting: RHB Jimmy Groseclose 0-0: Called Strike
0-1: Ball
1-1: Foul Ball, location: 2F
1-2: Fly out, F9 (Flyball, 9S, EV 91.2 MPH)
Batting: LHB Jose Bregaro 0-0: Called Strike
0-1: Foul Ball, location: 2F
0-2: Ball
1-2: Foul Ball, location: 2F
1-2: Strikes out looking
Batting: RHB Tony Stedman 0-0: Called Strike
0-1: Swinging Strike
0-2: Ball
1-2: Ball
2-2: Foul Ball, location: 2F
2-2: Ball
3-2: Foul Ball, location: 2F
3-2: Strikes out swinging
Bottom of the 4th over - 0 runs, 1 hit, 0 errors, 2 left on base; Los Angeles 0 - Miami 0
TOP OF THE 5TH
Los Angeles Dodgers batting - Pitching for Miami Marlins : RHP Sean Geer
Batting: RHB Danny Dyer 0-0: Ball
1-0: Ball
2-0: Foul Ball, location: 2F
2-1: Fly out, F2 (Popup, 5SF, EV 82.5 MPH)
Batting: LHB Stephen Van Raalte 0-0: SINGLE (Groundball, 34D, EV 102.5 MPH)
Batting: RHB Tim Nettles 0-0: Called Strike
0-1: Foul Ball, location: 2F
0-2: Foul Ball, location: 2F
0-2: Ball
1-2: Grounds into double play, 6-4-3 (Groundball, 6, EV 79.4 MPH)
Top of the 5th over - 0 runs, 1 hit, 0 errors, 0 left on base; Los Angeles 0 - Miami 0
BOTTOM OF THE 5TH
Miami Marlins batting - Pitching for Los Angeles Dodgers : RHP Kalititi Haki
Batting: RHB Mike Gar 0-0: Ball
1-0: SOLO HOME RUN (Flyball, 8RXD, EV 111.9 MPH), Distance : 444 ft
Batting: RHB Zhi-bin Ou-yang 0-0: Ball
1-0: Foul Ball, location: 2F
1-1: Foul Ball, location: 2F
1-2: Strikes out looking
Batting: RHB Alberto Cotto 0-0: Ground out 5-3 (Groundball, 56S, EV 80.6 MPH)
Batting: RHB Roger Salazar 0-0: Ball
1-0: Called Strike
1-1: Foul Ball, location: 2F
1-2: Fly out, F8 (Flyball, 8RM, EV 94.4 MPH)
Bottom of the 5th over - 1 run, 1 hit, 0 errors, 0 left on base; Los Angeles 0 - Miami 1
TOP OF THE 6TH
Los Angeles Dodgers batting - Pitching for Miami Marlins : RHP Sean Geer
Batting: RHB Ben Mischnick 0-0: Ball
1-0: Foul Ball, location: 2F
1-1: Ground out 6-3 (Groundball, 6S, EV 82.5 MPH)
Batting: RHB Clay Buchanan 0-0: Foul Ball, location: 2F
0-1: Ball
1-1: Swinging Strike
1-2: Ball
2-2: Strikes out looking
Batting: RHB Tsutomu Irie 0-0: Ball
1-0: Ball
2-0: Foul Ball, location: 2F
2-1: Ball
3-1: Foul Ball, location: 2F
3-2: Strikes out swinging
Top of the 6th over - 0 runs, 0 hits, 0 errors, 0 left on base; Los Angeles 0 - Miami 1
BOTTOM OF THE 6TH
Miami Marlins batting - Pitching for Los Angeles Dodgers : RHP Kalititi Haki
Batting: RHB Bert Clark 0-0: Foul Ball, location: 2F
0-1: Called Strike
0-2: Ball
1-2: Strikes out swinging
Batting: LHB Andre Gorter 0-0: Called Strike
0-1: Ball
1-1: Called Strike
1-2: Ball
2-2: Ground out U3 (Groundball, 3, EV 105.0 MPH)
Batting: RHB Jimmy Groseclose 0-0: Ground out 6-3 (Groundball, 6, EV 84.4 MPH)
Bottom of the 6th over - 0 runs, 0 hits, 0 errors, 0 left on base; Los Angeles 0 - Miami 1
TOP OF THE 7TH
Los Angeles Dodgers batting - Pitching for Miami Marlins : RHP Sean Geer
Batting: LHB Lirak Bazhunaishvili 0-0: Ball
1-0: Foul Ball, location: 2F
1-1: Ground out 6-3 (Groundball, 6, EV 103.1 MPH)
Batting: SHB Shane Marcum 0-0: Fly out, F8 (Flyball, 8LM, EV 72.5 MPH)
Batting: LHB Juan Concepcion 0-0: Called Strike
0-1: Ball
1-1: Foul Ball, location: 2F
1-2: Ball
2-2: Strikes out swinging
Top of the 7th over - 0 runs, 0 hits, 0 errors, 0 left on base; Los Angeles 0 - Miami 1
BOTTOM OF THE 7TH
Miami Marlins batting - Pitching for Los Angeles Dodgers : RHP Kalititi Haki
Batting: LHB Jose Bregaro 0-0: Ball
1-0: Ball
2-0: Ball
3-0: Called Strike
3-1: Foul Ball, location: 2F
3-2: Base on Balls
Pitching: LHP Gavin White
Batting: RHB Tony Stedman 0-0: Called Strike
Jose Bregaro steals 2nd base
0-1: Ground out 1-3 (Groundball, 13S, EV 68.8 MPH)
Jose Bregaro to third
Batting: RHB Mike Gar 0-0: Swinging Strike
0-1: Ball
1-1: Called Strike
1-2: Ball
2-2: Strikes out swinging
Batting: RHB Zhi-bin Ou-yang 0-0: Intentional Walk
Batting: RHB Alberto Cotto 0-0: Foul Ball, location: 2F
0-1: Ball
1-1: Swinging Strike
1-2: Strikes out swinging
Bottom of the 7th over - 0 runs, 0 hits, 0 errors, 2 left on base; Los Angeles 0 - Miami 1
TOP OF THE 8TH
Los Angeles Dodgers batting - Pitching for Miami Marlins : RHP Sean Geer
Pinch Hitting: SHB Joel Baker 0-0: Ball
1-0: Called Strike
1-1: Ball
2-1: Ball
3-1: Base on Balls
Batting: LHB Stephen Van Raalte 0-0: Ball
1-0: Ball
2-0: Ball
3-0: Called Strike
3-1: Foul Ball, location: 2F
3-2: Strikes out swinging
Batting: RHB Tim Nettles 0-0: Ball
1-0: Foul Ball, location: 2F
1-1: Ball
2-1: Sac Bunt to 23 - play at first, batter OUT! 3-4
Joel Baker to second
Batting: RHB Ben Mischnick 0-0: Called Strike
0-1: Foul Ball, location: 2F
0-2: Ball
1-2: Strikes out swinging
Top of the 8th over - 0 runs, 0 hits, 0 errors, 1 left on base; Los Angeles 0 - Miami 1
BOTTOM OF THE 8TH
Miami Marlins batting - Pitching for Los Angeles Dodgers : LHP Gavin White
Now at 1B: John Piccolo
Batting: RHB Roger Salazar 0-0: Fly out, F9 (Flyball, 9D, EV 103.1 MPH)
Batting: RHB Bert Clark 0-0: Ball
1-0: Called Strike
1-1: Ball
2-1: SINGLE (Groundball, 56D, EV 100.0 MPH)
Batting: LHB Andre Gorter 0-0: Called Strike
Pickoff Throw by Catcher to First - Out!
0-1: Ball
1-1: Swinging Strike
1-2: Strikes out swinging
Bottom of the 8th over - 0 runs, 1 hit, 0 errors, 0 left on base; Los Angeles 0 - Miami 1
TOP OF THE 9TH
Los Angeles Dodgers batting - Pitching for Miami Marlins : RHP Sean Geer
Pitching: RHP Tim Barnett
Batting: RHB Clay Buchanan 0-0: Ground out 1-3 (Groundball, 13, EV 67.5 MPH)
Batting: RHB Tsutomu Irie 0-0: Called Strike
0-1: Ball
1-1: Ball
2-1: Foul Ball, location: 2F
2-2: Strikes out swinging
Batting: LHB Lirak Bazhunaishvili 0-0: Ball
1-0: Called Strike
1-1: Foul Ball, location: 2F
1-2: Ball
2-2: Strikes out swinging
Top of the 9th over - 0 runs, 0 hits, 0 errors, 0 left on base; Los Angeles 0 - Miami 1
Tuesday, March 28th , 2023 - OOTP Baseball 23.10 Build 110